 Dungeon Crawl Stone Soup version 0.29.1-1-gd02db6906a (webtiles) character file.

Game seed: 3556303204475108887

24430 mortz the Thaumaturge (level 13, -5/81 HPs)
             Began as a Djinni Conjurer on Sept 17, 2022.
             Was a High Priest of Makhleb.
             Slain by a catoblepas (11 damage)
             ... on level 3 of the Lair of Beasts.
             The game lasted 01:40:22 (16653 turns).

mortz the Thaumaturge (Djinni Conjurer)            Turns: 16653, Time: 01:40:23

Health: -5/81      AC: 15    Str: 10    XL:     13   Next: 42%
Gold:   911        EV: 12    Int: 28    God:    Makhleb [*****.] SH:  5 Dex: 19

rFire   + + .      SeeInvis +   b - +7 staff of the Meek {protect, meekguard}
rCold   . . .      Faith    .   (shield currently unavailable)
rNeg    . . .      Spirit   .   K - +1 troll leather armour
rPois   ∞          Reflect  +   z - +1 helmet
rElec   .          Harm     .   C - +0 cloak
rCorr   .          Rampage  .   y - +5 pair of gloves of Nehiumewi {Int+3 Dex+4}
Will    +....                   (boots unavailable)
Stlth   +++++.....              v - amulet of Itis {Reflect Fragile rC+ MP+9 SH+5 SInv}
HPRegen 1.03/turn               Q - ring of Wotaoq {EV+4 Str+4 Dex+3 SInv}
MPRegen 0.00/turn               L - ring of wizardry

@: petrifying, flying, very slow
A: sickness immunity, fire resistance 2, cold vulnerability 1, float, innate
caster, HP casting, extra vitality 1
a: Renounce Religion, Minor Destruction, Lesser Servant of Makhleb, Major
Destruction, Greater Servant of Makhleb


You were on level 3 of the Lair of Beasts.
You worshipped Makhleb.
Makhleb was extremely pleased with you.
You visited 2 branches of the dungeon, and saw 13 of its levels.
You also visited: Bailey.

You collected 911 gold pieces.

Inventory:

Hand Weapons
 b - the +7 staff of the Meek (weapon) {protect, meekguard}
   (You found it on level 4 of the Dungeon)

   It grants its wielder temporary protection when it strikes (+7 to AC).
   It provides extra protection to wielders with little health.
 s - the +8 long sword of the Whelk {vorpal, Contam rCorr Dex+7}
   (You found it on level 5 of the Dungeon)

   It inflicts extra damage upon your enemies.
   Dex:       It affects your dexterity (+7).
   Contam:    It causes magical contamination when unequipped.
   rCorr:     It protects you from acid and corrosion.
 E - a +2 dagger of electrocution
 M - a +4 short sword
 P - a +3 war axe
Missiles
 p - a throwing net
Armour
 w - a +2 robe of willpower
 y - the +5 pair of gloves of Nehiumewi (worn) {Int+3 Dex+4}
   (You acquired it on level 4 of the Dungeon)

   Int:       It affects your intelligence (+3).
   Dex:       It affects your dexterity (+4).
 z - a +1 helmet (worn)
 C - a +0 cloak (worn)
 H - +0 steam dragon scales
 K - a +1 troll leather armour (worn)
 O - a +2 robe of fire resistance
 U - a +0 leather armour of poison resistance
 Y - a +2 robe of cold resistance
Magical Staves
 Z - a staff of cold
Jewellery
 i - a ring of willpower
 j - a +6 ring of dexterity
 v - the amulet of Itis (around neck) {Reflect Fragile rC+ MP+9 SH+5 SInv}
   (You took it off a hobgoblin in a bailey)

   [amulet of reflection]

   It reflects blocked missile attacks.
   rC:        It protects you from cold.
   MP:        It affects your magic capacity (+9).
   SInv:      It lets you see invisible.
   Fragile:   It will be destroyed if unequipped.
   SH:        It affects your SH (+5).
 B - a ring of positive energy
 G - a +6 ring of strength
 L - a ring of wizardry (right hand)
 Q - the ring of Wotaoq (left hand) {EV+4 Str+4 Dex+3 SInv}
   (You acquired it in a bailey)

   [ring of evasion]

   EV:        It affects your evasion (+4).
   Str:       It affects your strength (+4).
   Dex:       It affects your dexterity (+3).
   SInv:      It lets you see invisible.
 W - a +4 ring of evasion
 X - a +4 ring of evasion
Wands
 e - a wand of flame (19)
 h - a wand of mindburst (21)
 m - a wand of polymorph (8)
 t - a wand of iceblast (10)
 A - a wand of light (24)
Scrolls
 a - a scroll of butterflies
 d - 4 scrolls of teleportation
 q - 3 scrolls of magic mapping
 x - 2 scrolls of fear
 R - a scroll of poison
Potions
 c - 5 potions of curing
 f - a potion of brilliance {unknown}
 g - 3 potions of berserk rage
 k - 5 potions of might
 l - 2 potions of invisibility
 n - 2 potions of attraction
 o - 2 potions of lignification
 r - 4 potions of heal wounds
 u - 3 potions of mutation
 D - 3 potions of haste
 I - 2 potions of ambrosia {unknown}
 N - a potion of magic {unknown}
Miscellaneous
 S - a tin of tremorstones (2/2)


   Skills:
 + Level 3.2 Fighting
 + Level 3.4 Staves
 + Level 4.1 Armour
 + Level 7.9 Dodging
 * Level 10.9 Stealth
 + Level 1.5 Shields
 + Level 12.6 Spellcasting


You had 5 spell levels left.
You knew the following spells:

 Your Spells              Type           Power      Damage    Failure   Level
a - Magic Dart            Conj           100%       1d8       0%          1
b - Searing Ray           Conj           100%       2d8       1%          2
c - Iskenderun's Mystic   Conj/Tloc      73%        2d15      1%          4
d - Fulminant Prism       Conj/Hex       36%        3d18      1%          4
e - Dazzling Flash        Conj/Hex       100%       N/A       1%          3
f - Apportation           Tloc           100%       N/A       0%          1
g - Poisonous Vapours     Pois/Air       100%       N/A       1%          2
h - Swiftness             Air            73%        N/A       1%          3
i - Irradiate             Conj/Tmut      36%        3d23      1%          5
j - Passage of Golubria   Tloc           73%        N/A       1%          4
k - Teleport Other        Tloc           73%        N/A       1%          3
Your spell library was empty.

Dungeon Overview and Level Annotations

Branches:
Dungeon (10/15) Zot: 25995  Temple (0/1) D:4            Lair (3/5) D:10 Zot: 15958
 Shoals (0/4) Lair:3        Snake (0/4) Lair:2          Orc (0/2) D:9
 Bailey (visited)

Altars:
Ashenzari
Dithmenos
Elyvilon
Fedhas
Makhleb
Nemelex Xobeh
Okawaru
Ru
Trog
Xom
Zin
The Shining One

Shops:
D:4 (   D:10 (

Annotations:
D:3 exclusion: ice beast
Lair:1 2 transporters, Braxton's ghost, journeyman MiFi


Innate Abilities, Weirdness & Mutations

You are immune to sickness and miasma.
You are immune to poison.
Your flesh is very heat resistant. (rF++)
You are vulnerable to cold. (rC-)
You float through the air rather than walking.
You learn spells naturally, not from books.
Your magical power is your life essence.
You have superior vitality. (+4 MHP)


Message History

You erupt in a blast of force!
The mystic blast hits the catoblepas.
The catoblepas is moderately wounded.
The catoblepas is knocked back by the mystic blast.
You are engulfed in calcifying dust.
You are slowing down.
The magic dart hits the catoblepas but does no damage.
The catoblepas is moderately wounded.
You are engulfed in calcifying dust.
Your limbs have turned to stone.
You have turned to stone.
The catoblepas breathes a plume of calcifying dust at you.
The blast of calcifying dust hits you but does no damage.
You are engulfed in calcifying dust.
The catoblepas gores you!
You are engulfed in calcifying dust.
The catoblepas gores you but does no damage.
You are engulfed in calcifying dust.
The catoblepas gores you!!
You are engulfed in calcifying dust.
The catoblepas gores you!
You are engulfed in calcifying dust.
The catoblepas gores you!!
* * * LOW HITPOINT WARNING * * *
The catoblepas gores you. The catoblepas gores you!
* * * LOW HITPOINT WARNING * * *
The catoblepas gores you but does no damage.
The catoblepas gores you!
* * * LOW HITPOINT WARNING * * *
You turn to flesh and can move again.
You block the catoblepas's attack.
There is an escape hatch in the ceiling here.
Casting: Magic Dart (safe; 0% risk of failure)
Confirm with . or Enter, or press ? or * to list all spells.
You erupt in a blast of force!
The mystic blast hits the catoblepas but does no damage.
The catoblepas is moderately wounded.
* * * LOW HITPOINT WARNING * * *
The catoblepas breathes a plume of calcifying dust at you.
The blast of calcifying dust hits you.
* * * LOW HITPOINT WARNING * * *
You are engulfed in calcifying dust.
You are slowing down.
The catoblepas gores you!
You die...

...# ...## ..#.# ...#
### ..## ##.####### #
..# #####..#.##..##.##
..####........##......#
................Y.....#
................@.^...#
................§.....#
................§#....#
......................#
........#.......#.....#
.####.#####.####.######
.. ### ### ##


You could see a catoblepas (poisoned).

Vanquished Creatures
  An orc warlord (Bailey)
  Fannar (Lair:2)
  2 hydras
  Pikel (D:6)
  2 orc knights (Bailey)
  3 black mambas
  A black mamba (shapeshifter) (D:9)
  Joseph (D:10)
  8 cane toads
  Maggie (D:10)
  A kobold demonologist (D:7)
  2 rime drakes
  5 komodo dragons
  A yaktaur (D:9)
  2 trolls
  3 slime creatures (D:6)
  5 blink frogs (Lair:1)
  A vampire (D:9)
  5 wyverns
  16 yaks
  3 basilisks
  3 vampire mosquitoes (D:10)
  3 steam dragons
  Grum (D:10)
  Edmund (D:6)
  2 nagas (Lair:2)
  2 acid dragons
  7 water moccasins
  A sky beast (D:7)
  A black bear (D:7)
  10 orc warriors
  2 ice beasts
  An ogre (D:6)
  14 wolves
  4 centaurs
  4 phantoms
  4 lemures
  3 kobold brigands
  9 bullfrogs
  5 scorpions
  4 wights (D:10)
  15 killer bees
  3 howler monkeys
  3 hounds
  7 orc priests
  4 jellies (D:6)
  A gnoll bouda (D:8)
  3 iguanas
  10 orc wizards
  11 gnolls
  7 adders
  4 shadow imps
  A white imp (D:6)
  2 ufetubi
  3 worms
  3 dart slugs
  45 orcs
  6 bats
  16 endoplasms
  5 giant cockroaches
  21 goblins
  22 hobgoblins
  6 jackals
  A quokka (D:5)
  7 ball pythons
  4 frilled lizards
  30 kobolds
  3 rats
389 creatures vanquished.

Vanquished Creatures (others)
  A bullfrog (D:8)
  An orc wizard (D:5)
  An orc (D:8)
  13 fungi
  6 plants
  7 toadstools (D:6)
29 creatures vanquished.

Grand Total: 418 creatures vanquished

Notes
Turn   | Place    | Note
-------+----------+-------------------------------------------
     0 | D:1      | mortz the Djinni Conjurer began the quest for the Orb.
     0 | D:1      | mortz set off with the following spells memorised: Magic
                  | Dart, Searing Ray, Dazzling Flash, Fulminant Prism,
                  | Iskenderun's Mystic Blast.
     0 | D:1      | Reached XP level 1. HP: 15/15 MP: 0/0
   333 | D:1      | Reached XP level 2. HP: 13/21 MP: 0/0
   600 | D:1      | Found a faded altar of an unknown god.
   898 | D:1      | Reached XP level 3. HP: 21/25 MP: 0/0
   898 | D:1      | Learned a level 1 spell: Apportation
  1903 | D:2      | Reached skill level 4 in Spellcasting
  1903 | D:2      | Reached XP level 4. HP: 28/31 MP: 0/0
  2606 | D:3      | Noticed an ice beast
  2679 | D:3      | Reached XP level 5. HP: 32/35 MP: 0/0
  2679 | D:3      | Learned a level 2 spell: Poisonous Vapours
  3651 | D:4      | Found a bloodstained altar of Trog.
  3674 | D:4      | Found a burning altar of Makhleb.
  3685 | D:4      | Became a worshipper of Makhleb the Destroyer
  3980 | D:4      | Reached XP level 6. HP: 31/40 MP: 0/0
  4123 | D:4      | Found Dolimnaa's Weapon Boutique.
  4337 | D:4      | Found the +7 staff of the Meek {protect, meekguard}
  4699 | D:4      | Reached * piety under Makhleb
  4717 | D:4      | Reached XP level 7. HP: 24/45 MP: 0/0
  4717 | D:4      | Learned a level 3 spell: Swiftness
  4861 | D:4      | Found an iron altar of Okawaru.
  4993 | D:4      | Found a staircase to the Ecumenical Temple.
  5012 | D:4      | Identified a scroll of acquirement
  5012 | D:4      | Acquired the +5 pair of gloves of Nehiumewi {Int+3 Dex+4}
  5072 | D:5      | Entered Level 5 of the Dungeon
  5152 | D:5      | Reached skill level 5 in Spellcasting
  5487 | D:5      | Identified the +8 long sword of the Whelk {vorpal, Contam
                  | rCorr Dex+7}
  5574 | D:5      | Found a sacrificial altar of Ru.
  5637 | D:5      | Noticed a water moccasin
  5680 | D:5      | Reached XP level 8. HP: 49/51 MP: 0/0
  5715 | D:5      | Reached skill level 5 in Stealth
  6002 | D:5      | Reached ** piety under Makhleb
  6242 | D:5      | Reached skill level 1 in Staves
  6822 | D:6      | Reached skill level 6 in Spellcasting
  6865 | D:6      | Noticed a slime creature
  6866 | D:6      | Noticed a slime creature
  6866 | D:6      | Noticed a slime creature
  6886 | D:6      | Killed a slime creature
  6887 | D:6      | Reached XP level 9. HP: 38/56 MP: 0/0
  6887 | D:6      | Learned a level 3 spell: Teleport Other
  7006 | D:6      | Reached skill level 1 in Fighting
  7533 | D:6      | Noticed Pikel
  7678 | D:6      | Killed Pikel
  7679 | D:6      | Reached skill level 5 in Dodging
  7804 | D:6      | Noticed Edmund
  7818 | D:6      | Killed Edmund
  7989 | D:6      | Killed a slime creature
  7990 | D:6      | Reached skill level 7 in Spellcasting
  8003 | D:6      | Killed a slime creature
  8004 | D:6      | Reached XP level 10. HP: 23/64 MP: 0/0
  8226 | D:6      | Reached *** piety under Makhleb
  8415 | D:6      | Identified the +8 flail "Demonslayer" {chaos, rC+}
  9099 | D:7      | Reached skill level 8 in Spellcasting
  9105 | D:7      | Noticed a kobold demonologist
  9588 | D:7      | Killed a kobold demonologist
 10348 | D:8      | Reached skill level 1 in Armour
 10387 | D:8      | Found a shadowy altar of Dithmenos.
 10421 | D:8      | Found a sparkling altar of Nemelex Xobeh.
 10476 | D:8      | Found a white marble altar of Elyvilon.
 11061 | D:8      | Reached XP level 11. HP: 58/69 MP: 0/0
 11061 | D:8      | Learned a level 4 spell: Passage of Golubria
 11515 | D:9      | Found a staircase to the Orcish Mines.
 11647 | D:9      | Reached **** piety under Makhleb
 11838 | D:9      | Reached skill level 9 in Spellcasting
 12066 | D:9      | Noticed an angel
 12106 | D:9      | Found a glowing golden altar of the Shining One.
 12115 | D:9      | Found a glowing silver altar of Zin.
 12126 | D:9      | Found a shimmering altar of Xom.
 12580 | D:10     | Entered Level 10 of the Dungeon
 12694 | D:10     | Noticed Maggie
 12710 | D:10     | Killed Maggie
 12847 | D:10     | Found Mirall's Weapon Shoppe.
 12886 | D:10     | Found a flagged portal.
 12894 | Bailey   | Entered a bailey
 13330 | Bailey   | Reached skill level 10 in Spellcasting
 13351 | Bailey   | Reached ***** piety under Makhleb
 13396 | Bailey   | Noticed an orc knight
 13412 | Bailey   | Killed an orc knight
 13489 | Bailey   | Noticed an orc knight
 13489 | Bailey   | Noticed an orc warlord
 13544 | Bailey   | Identified the amulet of Itis {Reflect Fragile rC+ MP+9
                  | SH+5 SInv}
 13670 | Bailey   | Acquired the ring of Wotaoq {EV+4 Str+4 Dex+3 SInv}
 13726 | Bailey   | Killed an orc warlord
 13727 | Bailey   | Reached XP level 12. HP: 56/76 MP: 0/0
 14094 | D:10     | Noticed Joseph
 14099 | D:10     | Killed Joseph
 14169 | D:10     | Found a staircase to the Lair.
 14489 | D:10     | Noticed Grum
 14495 | D:10     | Killed Grum
 14496 | D:10     | Reached skill level 11 in Spellcasting
 14526 | D:10     | Found a broken altar of Ashenzari.
 14618 | Lair:1   | Entered Level 1 of the Lair of Beasts
 14834 | Lair:1   | Found a transporter.
 14849 | Lair:1   | Noticed Braxton's ghost (journeyman MiFi)
 14853 | Lair:1   | You are sucked into a shaft and drop 1 floor!
 14967 | Lair:2   | Reached skill level 10 in Stealth
 15160 | Lair:1   | Found a transporter.
 15719 | Lair:2   | Noticed a four-headed hydra
 15733 | Lair:2   | Killed a four-headed hydra
 15734 | Lair:2   | Reached XP level 13. HP: 78/81 MP: 0/0
 15734 | Lair:2   | Learned a level 5 spell: Irradiate
 15746 | Lair:2   | Reached skill level 1 in Shields
 15746 | Lair:2   | Reached skill level 12 in Spellcasting
 15790 | Lair:2   | Found a staircase to the Snake Pit.
 15801 | Lair:2   | Noticed Fannar
 15825 | Lair:2   | HP: 3/81 [Fannar/staff of cold (11)]
 15829 | Lair:2   | Killed Fannar
 15975 | Lair:2   | Found a blossoming altar of Fedhas.
 16325 | Lair:3   | Found a staircase to the Shoals.
 16453 | Lair:3   | Noticed a seven-headed hydra
 16463 | Lair:3   | Killed a seven-headed hydra
 16569 | Lair:3   | Identified the +0 scale mail of Distant Shores {Will+}
 16600 | Lair:3   | Identified the +5 long sword of Armageddon {vorpal, rN+
                  | Will- Str+5 Stlth+}
 16619 | Lair:3   | Noticed a catoblepas
 16653 | Lair:3   | Slain by a catoblepas

Illustrated notes

Levels and vault maps discovered:
D:1:      dpeg_arrival_tiny_i, layout_rooms, ebering_ecumenical_altar_webs
D:2:      layout_loops_cross
D:3:      layout_loops_ring
D:4:      layout_rooms, lightli_temple_of_fire, okawaru_altar_gauntlet_db,
          mainiacjoe_overflow_concentric_impassable, lemuel_temple_firewalk_a,
          serial_shops, shop
D:5:      layout_basic, mainiacjoe_overflow_paths, minmay_increasing_density
D:6:      cheibrodos_fertilizer, layout_loops_ring,
          grunt_temple_overflow_magic_moments, uniq_edmund, uniq_pikel
D:7:      layout_cave_pools
D:8:      layout_basic, nemelex_xobeh_ov_fountains_minmay, elyvilon_altar_1,
          nicolae_dithmenos_shadow_blocks
D:9:      layout_cave_pools, tso_oasis_becter,
          grunt_temple_overflow_order_and_chaos_1, orc_0_dummy,
          minmay_three_doors
D:10:     layout_loops_ring, ashenzari_altar_1, lair_entry_dummy, serial_shops,
          nicolae_shop_bloodbath_and_beyond, enter_bailey_3, uniq_maggie,
          uniq_joseph, uniq_grum
Lair:1:   layout_regular_city, nzn_ghost_randoct, serial_bayou_shore_b
Lair:2:   layout_big_grid, minmay_snake_entry_guardpost_small, basic_altar,
          chequers_serial_rivers_small_a, grunt_megastairs_4, uniq_fannar
Lair:3:   layout_hall_layers, elwin_shoals_entry_rocks

Skill      XL: |  1  2  3  4  5  6  7  8  9 10 11 12 13 |
---------------+----------------------------------------+-----
Stealth        | 2 3 4 6 7 8 9 10 | 10.9
Spellcasting   | 4 5 6 7 8 10 11 12 | 12.6
Dodging        | 3 4 5 6 7 |  7.9
Staves         | 1 2 3 |  3.4
Fighting       | 1 2 3 |  3.2
Armour         | 1 2 3 4 |  4.1
Shields        | 1 |  1.5

Action                   |  1- 3 |  4- 6 |  7- 9 | 10-12 | 13-15 || total
-------------------------+-------+-------+-------+-------+-------++-------
Melee: Dagger            |     2 |     4 |       |       |       ||     6
       Quarterstaff      |       |     1 |    12 |     6 |     4 ||    23
 Cast: Magic Dart        |    59 |    63 |    58 |   201 |    67 ||   448
       Searing Ray       |    10 |    26 |    35 |    59 |     4 ||   134
       Iskenderun's Myst |       |       |    12 |   151 |    41 ||   204
       Poisonous Vapours |       |       |       |     2 |     2 ||     4
Evoke: Wand              |       |       |       |     1 |       ||     1
  Use: Scroll            |     1 |     5 |     8 |    10 |     4 ||    28
       Potion            |       |       |       |       |     2 ||     2
 Stab: Sleeping          |     2 |     4 |     6 |     3 |     1 ||    16
Armor: Robe              |     3 |     4 |    29 |     7 |       ||    43
       Leather armour    |       |       |       |    11 |       ||    11
       Steam dragon scal |       |       |       |     5 |       ||     5
       Troll leather arm |       |       |       |    10 |    19 ||    29
Dodge: Dodged            |     8 |    23 |    66 |    92 |    41 ||   230
Block: Buckler           |       |     2 |       |       |       ||     2
       Other             |       |       |       |     8 |    10 ||    18
